 Dungeon Crawl Stone Soup version 0.31.0-12-g77e489cdc1 (webtiles) character file.

Game seed: 16532429185321234556

6 Balder the Slasher (level 1, 0/18 HPs)
             Began as a Minotaur Gladiator on Feb 25, 2024.
             Slain by a gnoll
             ... wielding a +0 flail
              (4 damage)
             ... on level 1 of the Dungeon.
             The game lasted 00:00:39 (78 turns).

Balder the Slasher (Minotaur Gladiator)               Turns: 78, Time: 00:00:40

Health: 0/18       AC:  3    Str: 18    XL:     1   Next: 75%
Magic:  0/0        EV: 12    Int:  5    God:
Gold:   0          SH:  0    Dex: 11    Spells: 0/0 levels left

rFire   . . .        a - +0 long sword
rCold   . . .        (no shield)
rNeg    . . .        b - +0 leather armour
rPois   .            c - +0 hat
rElec   .            (no cloak)
rCorr   .            (no gloves)
SInv    .            (no boots)
Will    .....        (no amulet)
Stlth   +            (no ring)
HPRegen 0.23/turn    (no ring)
MPRegen 0.07/turn

%: no passive effects
@: no status effects
A: horns 2, retaliatory headbutt
a: no special abilities


You were on level 1 of the Dungeon.
You visited 1 branch of the dungeon, and saw 1 of its levels.

Inventory:

Hand Weapons
 a - a +0 long sword (weapon)
Missiles
 d - 3 throwing nets (quivered)
 e - a javelin
Armour
 b - a +0 leather armour (worn)
 c - a +0 hat (worn)
Talismans
 f - a flux talisman
Potions
 g - a potion of curing {unknown}
 h - a potion of enlightenment {unknown}


   Skills:
 * Level 2.4 Fighting
 * Level 0.1(2.1) Short Blades
 * Level 3.8 Long Blades
 * Level 2.0 Throwing
 * Level 0.1 Armour
 * Level 3.4 Dodging


You couldn't memorise any spells.
You didn't know any spells.
Your spell library was empty.

Dungeon Overview and Level Annotations

Branches:
Dungeon (1/15)

Altars:


Innate Abilities, Weirdness & Mutations

You have a pair of horns on your head.
You reflexively headbutt those who attack you in melee.


Message History

A jackal comes into view.
The jackal bites you but does no damage.
You barely miss the jackal.
The jackal bites you but does no damage.
The jackal closely misses you.
You hit the jackal but do no damage. Your headbutt misses the jackal.
The jackal closely misses you. You furiously retaliate!
You headbutt the jackal!
You kill the jackal!
A jackal comes into view.
You see here a +0 whip.
The jackal barks!
You hear a bark!
You closely miss the jackal. The jackal bites you.
A jackal comes into view.
The jackal barely misses you.
You hit the jackal but do no damage.
The jackal bites you but does no damage.
A gnoll comes into view. It is wielding a +0 flail.
The gnoll shouts!
You hit the jackal.
You kill the jackal!
You barely miss the jackal. Your headbutt misses the jackal.
The jackal bites you but does no damage.
The jackal barely misses you. You furiously retaliate!
You headbutt the jackal, but do no damage.
You barely miss the jackal. The jackal closely misses you.
The jackal bites you.
You slash the jackal!
You kill the jackal!
The gnoll hits you with a +0 flail.
You see here a jackal corpse.
You hit the gnoll but do no damage.
A rat comes into view.
The gnoll hits you with a +0 flail!
* * * LOW HITPOINT WARNING * * *
You barely miss the gnoll. You headbutt the gnoll. Your punch misses the gnoll.
The gnoll is moderately wounded.
An endoplasm comes into view.
The gnoll hits you with a +0 flail.
You die...

#### #.. # #.###### #≈
#########.#..... #≈.
#.........#.#.#. #≈≈≈
#.........#..... #...
#...........#.#.
#....###.........#.#.#.
+....g@..).......#.#...
#....#############.####
.r... ........>... J###
..######.### #.## #..#
##.# #.# #.#


You could see a gnoll, an endoplasm and a rat.

Vanquished Creatures
  A hobgoblin (D:1)
  3 jackals (D:1)
  A bat (D:1)
5 creatures vanquished.

Notes
Turn   | Place    | Note
-------+----------+-------------------------------------------
     0 | D:1      | Balder the Minotaur Gladiator began the quest for the Orb.
     0 | D:1      | Reached XP level 1. HP: 18/18 MP: 0/0
    78 | D:1      | Slain by a gnoll

Illustrated notes

Levels and vault maps discovered:
D:1:      amcnicky_arrival_blooded_trapdoor, layout_basic, serial_aquarium,
          aquarium_bridge_straight [aquarium_subvault_bridge,
          aquarium_subvault_wall, aquarium_subvault_bridge,
          aquarium_subvault_window], aquarium_window_1, aquarium_window_1,
          aquarium_window_1, aquarium_view_2c, chequers_serial_rivers_micro_d,
          st_stairs_13

Action                     || total
---------------------------++-------
  Melee: Long sword        ||    15
         Headbutt          ||     1
 Armour: Leather armour    ||    12
  Dodge: Dodged            ||    12
